 Dungeon Crawl Stone Soup version 0.23.2-33-g5129a83184 (webtiles) character file.

Game seed: 4538625921320895510

28 Kold the Insei (level 3, 0/23 HPs)
             Began as an Octopode Transmuter on July 20, 2019.
             Slain by a goblin
             ... wielding a cursed -3 club
              (5 damage)
             ... on level 1 of the Dungeon.
             The game lasted 00:01:14 (599 turns).

Kold the Insei (Octopode Transmuter)                 Turns: 599, Time: 00:01:15

Health: 0/23       AC:  1    Str: 10    XL:     3   Next: 12%
Magic:  6/6        EV: 13    Int: 15    God:
Gold:   61         SH:  0    Dex: 12    Spells: 5/6 levels left

rFire    . . .     SeeInvis .     - Unarmed
rCold    . . .     Gourm    .   (no shield)
rNeg     . . .     Faith    .   (helmet restricted)
rPois    .         Spirit   .   (no amulet)
rElec    .         Reflect  .   (no ring)
rCorr    .         Harm     .   (no ring)
MR       .....                  (no ring)
Stlth    +++.......             (no ring)
HPRegen  0.07/turn              (no ring)
MPRegen  0.10/turn              (no ring)
                                (no ring)
                                (no ring)

@: no status effects
A: almost no armour, stealthy swim, amphibious, 8 rings, constrict 8, camouflage
1, gelatinous body 1
a: no special abilities


You were on level 1 of the Dungeon.
You were not hungry.

You visited 1 branch of the dungeon, and saw 1 of its levels.

You collected 61 gold pieces.

Inventory:

Missiles
 a - 25 arrows
Potions
 b - a potion of curing {unknown}
 e - a potion of ambrosia {unknown}
Comestibles
 c - 2 rations
 d - 4 chunks of flesh


   Skills:
 - Level 1.0 Fighting
 + Level 2.4 Dodging
 + Level 1.7 Stealth
 + Level 3.3 Unarmed Combat
 - Level 2.0 Spellcasting
 + Level 2.4 Transmutations


You had 5 spell levels left.
You knew the following spells:

 Your Spells              Type           Power        Failure   Level  Hunger
a - Beastly Appendage     Tmut           #.....       9%          1    #......

Your spell library contained the following spells:

 Spells                   Type           Power        Failure   Level  Hunger
 Sticks to Snakes         Tmut           #.......     13%         2    ###....
 Spider Form              Tmut/Pois      #.........   38%         3    ###....
 Ice Form                 Ice/Tmut       #.......     80%         4    #####..
 Blade Hands              Tmut           #.........   93%         5    ######.


Dungeon Overview and Level Annotations

Branches:
Dungeon (1/15)

Altars:


Innate Abilities, Weirdness & Mutations

You cannot wear most types of armour.
You are very stealthy in the water. (Stealth+)
You are amphibious.
You can wear up to eight rings at the same time.
You can use your tentacles to constrict eight enemies at once.
Your skin changes colour to match your surroundings (Stealth+).
Your rubbery body absorbs attacks. (AC +1, EV +1)


Message History

You constrict the jackal. The jackal bites you.
The goblin hits you with a cursed -3 club.
The jackal bites you.
* * * LOW HITPOINT WARNING * * *
The jackal misses you.
You tentacle-slap the jackal.
The jackal is almost dead.
You constrict the goblin. You constrict the jackal.
You kill the jackal!
The jackal misses you. The goblin hits you but does no damage.
You bludgeon the jackal!
You kill the jackal!
You constrict the goblin. The goblin closely misses you.
The jackal barely misses you.
You barely miss the jackal. Your grab misses the jackal.
Your squeeze misses the jackal.
You constrict the goblin, but do no damage.
The jackal closely misses you.
The goblin hits you with a cursed -3 club.
You die...

#. ##.## ..>#
#..# #..# #
..####..# .#
........####.#
^..####h.....#
. #.g@....###
#.#####.# #
#.# #.#
#####.#
#.....#
#.##### #.#
#.#


You could see a jackal and a goblin.

Vanquished Creatures
  A bat (D:1)
  6 goblins (D:1)
  A hobgoblin (D:1)
  5 jackals (D:1)
  A frilled lizard (D:1)
  4 kobolds (D:1)
  7 rats (D:1)
25 creatures vanquished.

Notes
Turn   | Place    | Note
-------+----------+-------------------------------------------
     0 | D:1      | Kold the Octopode Transmuter began the quest for the Orb.
     0 | D:1      | Reached XP level 1. HP: 13/13 MP: 3/3
   121 | D:1      | Reached skill level 1 in Stealth
   121 | D:1      | Reached XP level 2. HP: 3/18 MP: 3/5
   584 | D:1      | Reached XP level 3. HP: 22/23 MP: 4/6
   599 | D:1      | Slain by a goblin

Skill      XL: |  1 |
---------------+----+-----
Stealth        | 1 |  1.7
Fighting       | |  1.0
Dodging        | |  2.4
Unarmed Combat | |  3.3
Spellcasting   | |  2.0
Transmutations | |  2.4

Action                   || total
-------------------------++-------
Melee: Unarmed           ||    52
       Tentacles         ||     7
       Constrict         ||    15
       Kick              ||     5
 Cast: Beastly Appendage ||     7
 Stab: Sleeping          ||     2
Armor: Skin              ||     4
Dodge: Dodged            ||    43
